 Dungeon Crawl Stone Soup version 0.28-b1-78-gc65acfa365 (webtiles) character file.

Game seed: 344751619923532700

186 Awezug the Poker (level 5, 0/37 HPs)
             Began as a Merfolk Gladiator on Feb 4, 2022.
             Killed from afar by an orc wizard (5 damage)
             ... with a puff of flame
             ... on level 4 of the Dungeon.
             The game lasted 00:20:12 (2642 turns).

Awezug the Poker (Merfolk Gladiator)                Turns: 2642, Time: 00:20:13

Health: 0/37       AC:  6    Str: 16    XL:     5   Next: 66%
Magic:  4/4        EV: 14    Int:  8    God:
Gold:   101        SH:  0    Dex: 17    Spells: 4/4 levels left

rFire   . . .      SeeInvis .   a - +1 trident
rCold   . . .      Faith    .   (no shield)
rNeg    . . .      Spirit   .   b - +1 leather armour
rPois   .          Reflect  .   c - +0 helmet
rElec   .          Harm     .   k - +0 cloak
rCorr   +          Rampage  .   (no gloves)
Will    .....      Clarity  +   (no boots)
Stlth   +.........              (no amulet)
HPRegen 0.12/turn               g - ring of resist corrosion
MPRegen 0.09/turn               (no ring)

@: no status effects
A: (nimble swimmer 2), mertail, clarity, frail 1, low MP 1, strong 1
a: no special abilities


You were on level 4 of the Dungeon.
You visited 1 branch of the dungeon, and saw 4 of its levels.

You collected 101 gold pieces.

Inventory:

Hand Weapons
 a - a +1 trident (weapon)
 i - a +0 trident
Missiles
 d - 3 throwing nets (quivered)
Armour
 b - a +1 leather armour (worn)
 c - a +0 helmet (worn)
 f - a +0 leather armour
 h - a +0 leather armour
 k - a +0 cloak (worn)
Jewellery
 g - a ring of resist corrosion (left hand)
Scrolls
 e - a scroll of blinking
 m - a scroll of summoning {unknown}
 n - a scroll of enchant weapon
Potions
 l - a potion of curing {unknown}


   Skills:
 + Level 3.9 Fighting
 + Level 6.2 Polearms
 - Level 2.2 Throwing
 + Level 5.6 Dodging


You had 4 spell levels left.
You didn't know any spells.
Your spell library contained the following spells:

 Spells                   Type           Power      Damage    Failure   Level
 Slow                     Hex            0%         N/A       47%         1
 Confusing Touch          Hex            0%         N/A       85%         3
 Vampiric Draining        Necr           0%         2d6       85%         3


Dungeon Overview and Level Annotations

Branches:
Dungeon (4/15)             Temple (0/1) D:4

Altars:

Shops:
D:3 [


Innate Abilities, Weirdness & Mutations

((You are very nimble when in or above water. (Stealth+, EV+, Speed+++)))
Your lower body shifts to a powerful aquatic tail in water.
You possess an exceptional clarity of mind.
You are frail. (-10% HP)
Your magical capacity is low. (-10% MP)
Your muscles are strong. (Str +2)


Message History

Deactivating autopickup; reactivate with Ctrl-A.
Reach: a) +1 trident
Press: ? - help, Dir - move target, f - orc priest
Aim: an orc priest, wielding a +0 mace (about 36% to evade your +1 trident)
You reach to attack!
You hit the orc priest.
The orc priest is moderately wounded.
You are too injured to fight recklessly!
You are too injured to fight recklessly!
You are too injured to fight recklessly!
You puncture the orc priest!
You kill the orc priest!
You start resting.
Something hits you.
Reach: a) +1 trident
Press: ? - help, Dir - move target, f - kobold
Aim: a kobold, wielding a +0 club and quivering poisoned darts (about 42% to evade your +1 trident)
Something you can't see is in the way.
You closely miss something. Something hits you but does no damage.
You closely miss something. Something hits you but does no damage.
You miss something. Something hits you.
You hit something. Something hits you.
You barely miss something. Something hits you.
You hit something. Your punch misses something.
An orc comes into view. It is wielding a +0 whip.
Something hits you.
* * * LOW HITPOINT WARNING * * *
The orc shouts!
You puncture something!
You hear a shout!
The kobold throws a poisoned dart.
The poisoned dart barely misses you. Something hits you.
* * * LOW HITPOINT WARNING * * *
You completely miss something. Something hits you.
* * * LOW HITPOINT WARNING * * *
As you read the scroll of magic mapping, it crumbles to dust.
You feel aware of your surroundings.
You hear some strange, mumbled words.
A puff of flame appears from out of thin air!
The puff of flame hits you.
You die...

*,*,,*,,,*,,*,***** **********
*.....*,#.,,*,,,,,, *,,,,,,,,*
*#....,{...**,*****
*,,,,,,,,*****....#.#.,,,,,,,,,
*,,,,,,,,,,,,*#..#...#,**,*****
*,,,,,,,,***,**.o.,(.,,,,,*
******+****#,**#)##.#,,*,,*
*,*,,,#.###o.#.#,**,,*****
*,*,,,#..@{K...#,,,,,,,,,,
*,*,,,######..##***,,*****
*,*,,,*#[[....# *,,*
*,*,,,*#.###..# *,,*****
*,*,,,**,#..<.## *,,,,,,,
****+*,,,**,#.#...# **,****,
*,,,,,,,,**,#.#.#.# *,* *,
*,,,,,,,***,#.#.#.#* *,* *,
*,,,,,,,* *,#.#.#..* *,* *,


You could see an orc and a kobold.

Vanquished Creatures
  An orc priest (D:4)
  An orc wizard (D:3)
  3 adders (D:3)
  3 gnolls (D:3)
  A howler monkey skeleton (D:4)
  A worm (D:3)
  5 orcs
  4 bats
  3 endoplasms
  A giant cockroach (D:2)
  4 goblins
  4 hobgoblins
  7 jackals
  7 kobolds
  A quokka (D:3)
  5 ball pythons
  5 frilled lizards
  9 rats
65 creatures vanquished.

Notes
Turn   | Place    | Note
-------+----------+-------------------------------------------
     0 | D:1      | Awezug the Merfolk Gladiator began the quest for the Orb.
     0 | D:1      | Reached XP level 1. HP: 16/16 MP: 1/1
     6 | D:1      | Noticed a swamp drake
     6 | D:1      | Noticed an iguana
     6 | D:1      | Noticed a lindwurm
     7 | D:1      | Noticed a water moccasin
     7 | D:1      | Noticed a black bear
   184 | D:1      | Reached XP level 2. HP: 23/23 MP: 2/2
   854 | D:2      | Reached XP level 3. HP: 26/28 MP: 3/3
   969 | D:2      | Gained mutation: Your magical capacity is low. (-10% MP)
                  | [potion of mutation]
   969 | D:2      | Gained mutation: You are frail. (-10% HP) [potion of
                  | mutation]
   969 | D:2      | Gained mutation: You have hidden genetic potential. [potion
                  | of mutation]
   999 | D:2      | Reached skill level 5 in Polearms
  1552 | D:3      | Found Veystruno's Armour Shop.
  1571 | D:3      | Reached XP level 4. HP: 19/31 MP: 3/3
  1579 | D:3      | Gained mutation: Your muscles are strong. (Str +2) [hidden
                  | potential]
  1981 | D:3      | Reached skill level 5 in Dodging
  2250 | D:3      | Reached XP level 5. HP: 29/36 MP: 4/4
  2256 | D:3      | Gained mutation: You possess an exceptional clarity of
                  | mind. [hidden potential]
  2256 | D:3      | Lost mutation: You have hidden genetic potential. [hidden
                  | potential expressed]
  2383 | D:3      | Reached skill level 6 in Polearms
  2621 | D:4      | Found a staircase to the Ecumenical Temple.
  2642 | D:4      | Killed from afar by an orc wizard

Illustrated notes

Levels and vault maps discovered:
D:1:      onia_arrival_zoo_common, layout_basic, minmay_tall_x
D:2:      layout_loops_ring
D:3:      layout_rooms, serial_shops, nicolae_shop_statue_plus,
          grunt_ministairs_11
D:4:      layout_basic, minmay_temple_entry_crystal_x

Skill      XL: |  1  2  3  4  5 |
---------------+----------------+-----
Polearms       | 5 6 |  6.2
Fighting       | 3 |  3.9
Dodging        | 5 |  5.6
Throwing       | |  2.2

Action                   |  1- 3 |  4- 6 || total
-------------------------+-------+-------++-------
Melee: Trident           |   112 |    78 ||   190
       Punch             |     2 |       ||     2
  Use: Scroll            |     6 |     2 ||     8
       Potion            |     5 |       ||     5
 Stab: Sleeping          |     2 |     2 ||     4
Armor: Leather armour    |    20 |    10 ||    30
Dodge: Dodged            |    59 |    19 ||    78
